 Dungeon Crawl Stone Soup version 0.26.0-15-gc6cd9f7 (webtiles) character file.

Game seed: 14453957783212807934

33108 MercyWheel the Cleaver (level 13, -20/115 HPs)
             Began as a Deep Dwarf Fighter on Jan 16, 2021.
             Was a High Priest of Trog.
             Killed from afar by a fire giant (35 damage)
             ... with a fireball
             ... on level 14 of the Dungeon.
             The game lasted 01:00:48 (14626 turns).

MercyWheel the Cleaver (Deep Dwarf Fighter)        Turns: 14626, Time: 01:00:48

Health: -20/115    AC: 16    Str: 21    XL:     13   Next: 35%
Magic:  9/9        EV: 20    Int: 10    God:    Trog [*****.]
Gold:   1869       SH: 13    Dex: 15    Spells: 12/12 levels left

rFire    . . .     SeeInvis .   l - +1 hand axe (vamp)
rCold    . . .     Faith    .   c - +0 kite shield
rNeg     . . .     Spirit   .   G - +1 ring mail {Will+}
rPois    .         Reflect  .   m - +0 helmet
rElec    .         Harm     .   P - +2 cloak
rCorr    .         Rampage  .   (no gloves)
Will     +++..                  X - +2 pair of boots
Stlth    +.........             (no amulet)
HPRegen  0.00/turn              F - ring of willpower
MPRegen  0.11/turn              Y - +4 ring of evasion

@: non-regenerating
A: damage resistance, heal wounds, sense surroundings 2, no regeneration
a: Heal Wounds, Renounce Religion, Berserk, Trog's Hand, Brothers in Arms


You were on level 14 of the Dungeon.
You worshipped Trog.
Trog was extremely pleased with you.
You visited 2 branches of the dungeon, and saw 16 of its levels.

You collected 1899 gold pieces.
You spent 30 gold pieces at shops.

Inventory:

Hand Weapons
 b - a +3 hunting sling
 l - a +1 vampiric hand axe (weapon)
 o - a +3 antimagic broad axe
Missiles
 E - 3 throwing nets
 V - 45 sling bullets
Armour
 c - a +0 kite shield (worn)
 k - a +0 cloak
 m - a +0 helmet (worn)
 t - a +3 ring mail of cold resistance
 G - a +1 ring mail of willpower (worn)
 P - a +2 cloak (worn)
 X - a +2 pair of boots (worn)
Jewellery
 d - an uncursed amulet of guardian spirit
 r - an uncursed ring of willpower
 s - an uncursed ring of protection from cold
 u - an uncursed ring of see invisible
 y - an uncursed ring of teleportation
 F - a ring of willpower (left hand)
 U - an uncursed ring of poison resistance
 Y - a +4 ring of evasion (right hand)
Wands
 a - a wand of digging (4)
 p - a wand of polymorph (10)
 v - a wand of acid (8)
 H - a wand of random effects (23)
 M - a wand of paralysis (23)
 N - a wand of flame (9)
 O - a wand of enslavement (4)
Scrolls
 e - 11 scrolls of teleportation
 g - 17 scrolls of identify
 h - a scroll of enchant weapon
 n - a scroll of summoning {unknown}
 x - a scroll of vulnerability {unknown}
 D - 2 scrolls of remove curse
 J - 2 scrolls of magic mapping
 Q - 3 scrolls of noise {unknown}
 S - a scroll of immolation
 T - 2 scrolls of torment {unknown}
 Z - a scroll of random uselessness {unknown}
Potions
 f - a potion of attraction {unknown}
 i - 2 potions of lignification {unknown}
 j - 5 potions of heal wounds
 q - 3 potions of haste {unknown}
 w - 7 potions of curing
 z - 2 potions of degeneration {unknown}
 A - 4 potions of magic {unknown}
 B - 2 potions of cancellation {unknown}
 K - 2 potions of mutation {unknown}
 L - a potion of flight {unknown}
 W - a potion of brilliance {unknown}
Miscellaneous
 C - a box of beasts


   Skills:
 - Level 7.0 Fighting
 + Level 14.5 Axes
 - Level 10.0 Armour
 - Level 8.6 Dodging
 - Level 13.0 Shields
 - Level 7.0 Evocations


You had 12 spell levels left.
You didn't know any spells.
Your spell library was empty.

Dungeon Overview and Level Annotations

Branches:
Dungeon (14/15)            Temple (0/1) D:5            Lair (0/6) D:9
    Orc (2/2) D:10            Elf (0/3) Orc:2        Vaults (0/5) D:13

Altars:
Ashenzari
Dithmenos
Kikubaaqudgha
Makhleb
Qazlal
Ru
Sif Muna
Trog
Vehumet
The Shining One

Shops:
D:5 !   D:11 *   Orc:1 (   Orc:2 ?}}[=*

Annotations:
D:1 exclusion: downstairs
D:6 1 runed translucent door, anarkitty's ghost, novice MiFi
D:7 exclusion: downstairs
D:9 exclusions: downstairs and 2 more exclusions
D:11 exclusion: downstairs
Orc:2 exclusion: upstairs


Innate Abilities, Weirdness & Mutations

You are resistant to damage.
You can heal yourself by infusing magical energy.
You passively map the area around you.
You do not regenerate.


Message History

The slime creature quivers.
The tengu reaver shouts!
The centaur warrior shouts!
The storm dragon roars deafeningly!
The deep elf annihilator shouts!
You hear a shout!
A tengu reaver opens the door.
The tengu reaver gestures wildly while chanting.
Nothing appears to happen.
A hound comes into view.
The orc high priest mumbles some strange prayers to Beogh against you.
Beogh smites you!
A yaktaur captain opens the door.
The fire giant points at you and mumbles some strange words.
The fireball explodes!
The fireball engulfs you!!!
Ouch! That really hurt!
* * * LOW HITPOINT WARNING * * *
The orc sorcerer mumbles some strange words.
The orc sorcerer glows brightly for a moment.
An orc sorcerer opens the door.
The fire giant points at you and mumbles some strange words.
The fireball explodes!
The fireball engulfs you!!!
You die...

* * #..........#.,
#..........#.# *
#..........#.# *
#####..........#.# *
**
#####...#.<........#..
, ''
'''''''............##.
'


++++ +'.##.....######. , *,' ++'''++'###.....# #. * ** +QcoC'@'# #.....# #. ,
'++DoJC++'#*#...### ####. * ' +QcW ++')##...# #.... * ++De, +'.# ...#* #.... '
+++ +'.. , #.... ++ + +'..h, ##### *''' ''' ''.... # * * *......, # ,, , You
could see 2 storm dragons, 2 fire giants, 2 tengu reavers, a yaktaur captain, a
deep elf annihilator, a slime creature, a flayed ghost, an orc high priest, a
centaur warrior, an orc sorcerer and a hound (wandering).

Vanquished Creatures
  Erolcha (D:13)
  A vault guard (D:13)
  2 boulder beetles
  6 two-headed ogres
  A death knight (D:13)
  A tengu warrior (D:13)
  2 orc knights (Orc:1)
  2 orc sorcerers (Orc:2)
  4 ugly things
  2 cyclopes
  A manticore (D:12)
  Maurice (D:8)
  A water nymph (D:13)
  2 efreet
  A tengu conjurer (D:13)
  9 trolls
  2 hornets (D:12)
  4 slime creatures (D:13)
  2 vampires
  3 wyverns
  24 yaks
  A steam dragon (D:10)
  Menkaure (D:4)
  3 water moccasins
  6 ice beasts
  2 sky beasts
  21 orc warriors
  A black bear (D:12)
  2 eyes of draining
  2 phantoms
  3 necrophages
  6 ogres
  8 centaurs
  2 big kobolds
  A gnoll sergeant (D:6)
  8 bullfrogs
  6 scorpions
  A wyvern skeleton (D:11)
  4 killer bees (D:8)
  27 wights
  3 howler monkeys
  An electric eel (D:9)
  4 bullfrog zombies
  2 centaur zombies
  A gnoll shaman (D:5)
  2 jellies
  5 bullfrog skeletons
  19 orc priests
  Crazy Yiuf (D:2)
  7 hounds
  3 centaur skeletons
  20 orc wizards
  6 iguanas
  6 worker ants
  2 hound skeletons
  A mummy (D:11)
  A worker ant zombie (D:9)
  Robin (D:2)
  20 gnolls
  15 adders
  4 white imps
  An ufetubus (D:10)
  An ooze (D:2)
  2 adder skeletons
  A worm (D:5)
  4 dart slugs
  A leopard gecko (D:6)
  87 orcs
  11 giant cockroaches
  18 goblins
  16 hobgoblins
  10 jackals
  10 quokkas
  3 ball pythons
  9 bats
  6 frilled lizards
  13 kobolds
  3 leopard gecko skeletons
  A leopard gecko zombie (D:6)
  5 rats
503 creatures vanquished.

Vanquished Creatures (collateral kills)
  An orc high priest (Orc:2)
  3 orc sorcerers (Orc:2)
  4 orc warriors (Orc:2)
  8 orc priests (Orc:2)
  9 orc wizards (Orc:2)
  2 orcs (Orc:2)
27 creatures vanquished.

Vanquished Creatures (others)
  2 electric eels (D:9)
  4 orcs (D:10)
6 creatures vanquished.

Grand Total: 536 creatures vanquished

Notes
Turn   | Place    | Note
-------+----------+-------------------------------------------
     0 | D:1      | MercyWheel the Deep Dwarf Fighter began the quest for the
                  | Orb.
     0 | D:1      | Reached XP level 1. HP: 20/20 MP: 1/1
    71 | D:1      | Reached skill level 3 in Axes
    80 | D:1      | Reached XP level 2. HP: 18/27 MP: 2/2
   227 | D:1      | Reached XP level 3. HP: 13/33 MP: 3/3
   265 | D:1      | Reached skill level 4 in Axes
   501 | D:2      | Reached XP level 4. HP: 31/40 MP: 4/4
   580 | D:2      | Reached skill level 5 in Axes
   655 | D:2      | Noticed Robin
   842 | D:2      | Killed Robin
   987 | D:2      | Found a runed translucent door.
   988 | D:2      | Noticed Crazy Yiuf
   994 | D:2      | Killed Crazy Yiuf
   995 | D:2      | Reached skill level 1 in Dodging
   995 | D:2      | Reached XP level 5. HP: 40/46 MP: 5/5
  1595 | D:3      | Found a faded altar of an unknown god.
  1595 | D:3      | Found a shadowy altar of Dithmenos.
  1600 | D:3      | Found a bloodstained altar of Trog.
  1602 | D:3      | Found a radiant altar of Vehumet.
  1603 | D:3      | Found a faded altar of an unknown god.
  1618 | D:3      | Became a worshipper of Trog the Wrathful
  1737 | D:3      | Found an ancient bone altar of Kikubaaqudgha.
  1767 | D:3      | Reached skill level 6 in Axes
  1777 | D:3      | Found a stormy altar of Qazlal.
  1779 | D:3      | Noticed a fire elemental
  1780 | D:3      | Noticed an air elemental
  1780 | D:3      | Noticed a water elemental
  1844 | D:3      | Reached XP level 6. HP: 27/55 MP: 6/6
  2034 | D:3      | Found a broken altar of Ashenzari.
  2035 | D:3      | Found a sacrificial altar of Ru.
  2369 | D:4      | Reached * piety under Trog
  2370 | D:4      | Reached skill level 1 in Evocations
  2531 | D:4      | Noticed Menkaure
  2535 | D:4      | Killed Menkaure
  2591 | D:4      | Reached skill level 7 in Axes
  2691 | D:4      | Reached XP level 7. HP: 41/61 MP: 7/7
  2900 | D:5      | Entered Level 5 of the Dungeon
  2923 | D:5      | Found Xoguemn's Distillery.
  2928 | D:5      | Bought a potion of curing for 30 gold pieces
  2940 | D:5      | Found a staircase to the Ecumenical Temple.
  2979 | D:5      | Reached skill level 8 in Axes
  3290 | D:5      | Reached skill level 5 in Armour
  3560 | D:5      | Reached XP level 8. HP: 65/68 MP: 2/8
  3649 | D:5      | Reached ** piety under Trog
  3665 | D:5      | Reached skill level 5 in Shields
  3752 | D:5      | Found a shimmering blue altar of Sif Muna.
  4016 | D:6      | Reached skill level 5 in Dodging
  4277 | D:6      | Reached skill level 5 in Fighting
  4277 | D:6      | Gained mutation: You passively map the area around you.
                  | [Deep Dwarf growth]
  4277 | D:6      | Reached XP level 9. HP: 81/81 MP: 3/9
  4381 | D:6      | Found a runed translucent door.
  4381 | D:6      | Noticed anarkitty's ghost (novice MiFi)
  4381 | D:6      | Noticed a cyclops
  4602 | D:6      | Reached *** piety under Trog
  4669 | D:6      | Reached skill level 9 in Axes
  4676 | D:6      | Found a burning altar of Makhleb.
  5331 | D:7      | Reached skill level 10 in Axes
  5580 | D:7      | Reached skill level 5 in Evocations
  5945 | D:8      | Found a glowing golden altar of the Shining One.
  5992 | D:7      | Reached skill level 11 in Axes
  6104 | D:7      | Reached **** piety under Trog
  6118 | D:8      | Reached XP level 10. HP: 23/88 MP: 3/9
  6185 | D:8      | Noticed Maurice
  6216 | D:8      | Killed Maurice
  6969 | D:9      | Found a staircase to the Lair.
  7161 | D:9      | Reached skill level 12 in Axes
  7388 | D:10     | Entered Level 10 of the Dungeon
  7475 | D:10     | Found a staircase to the Orcish Mines.
  7600 | D:10     | Reached skill level 13 in Axes
  7843 | D:10     | Reached ***** piety under Trog
  8237 | Orc:1    | Entered Level 1 of the Orcish Mines
  8237 | Orc:1    | Found Coenasha's Weapon Emporium.
  8271 | Orc:1    | Reached XP level 11. HP: 74/94 MP: 3/10
  8380 | Orc:2    | Entered Level 2 of the Orcish Mines
  8470 | Orc:2    | Noticed an orc sorcerer
  8478 | Orc:2    | Killed an orc sorcerer
  8526 | Orc:2    | Found Meoseeb's Merry Market.
  8583 | Orc:2    | Found Rumood's Jewellery Emporium.
  8947 | Orc:2    | Noticed an orc sorcerer
  8962 | Orc:2    | Killed an orc sorcerer
  8963 | Orc:2    | Reached skill level 10 in Shields
  8965 | Orc:2    | Noticed an orc high priest
  8972 | Orc:2    | Killed an orc high priest
  8978 | Orc:2    | Noticed an orc sorcerer
  8980 | Orc:2    | Noticed an orc sorcerer
  8980 | Orc:2    | Killed an orc sorcerer
  8981 | Orc:2    | Noticed a sun demon
  8997 | Orc:2    | Killed an orc sorcerer
  8998 | Orc:2    | Noticed an orc sorcerer
  9003 | Orc:2    | Killed an orc sorcerer
  9012 | Orc:2    | Received a gift from Trog
  9022 | Orc:2    | Found Xoplugh's Gadget Boutique.
  9022 | Orc:2    | Found Pocenyng's Magic Scroll Shop.
  9022 | Orc:2    | Found Puesuyca's Gadget Shop.
  9152 | Orc:2    | Found Gamnunyo's Antique Armour Boutique.
  9267 | Orc:2    | Found a bloodstained altar of Trog.
  9399 | Orc:2    | Found a staircase to the Elven Halls.
  9805 | Orc:1    | Noticed an orc knight
  9805 | Orc:1    | Noticed a two-headed ogre
  9831 | Orc:1    | Noticed an orc knight
 10013 | Orc:1    | Killed an orc knight
 10098 | Orc:1    | Killed an orc knight
 10108 | Orc:2    | Killed a two-headed ogre
 10514 | D:9      | Noticed a two-headed ogre
 10520 | D:9      | Killed a two-headed ogre
 10532 | D:9      | Reached XP level 12. HP: 109/109 MP: 8/8
 10821 | D:11     | Noticed a two-headed ogre
 10840 | D:11     | Received a gift from Trog
 10848 | D:11     | Killed a two-headed ogre
 10866 | D:11     | Found Kipsofisch's Assorted Antiques.
 10912 | D:11     | Noticed a boulder beetle
 10934 | D:11     | Killed a boulder beetle
 10935 | D:11     | Reached skill level 14 in Axes
 11107 | D:11     | Noticed a two-headed ogre
 11125 | D:11     | Killed a two-headed ogre
 11770 | D:11     | Noticed a two-headed ogre
 11797 | D:11     | Killed a two-headed ogre
 11798 | D:11     | Reached skill level 10 in Armour
 12198 | D:12     | Noticed a two-headed ogre
 12289 | D:12     | Paralysed by a hornet for 1 turns
 12595 | D:12     | Killed a two-headed ogre
 12621 | D:12     | Noticed a boulder beetle
 12635 | D:12     | Killed a boulder beetle
 12909 | D:12     | Reached XP level 13. HP: 102/115 MP: 9/9
 13231 | D:13     | Noticed Erolcha
 13249 | D:13     | Killed Erolcha
 13663 | D:13     | Received a gift from Trog
 14027 | D:13     | Identified the +0 ring mail "Ivviagirch" {Rampage rElec
                  | rF++ Regen+}
 14164 | D:13     | Found a gate to the Vaults.
 14614 | D:14     | Found a huge runed gate.
 14618 | D:14     | Found a huge runed gate.
 14619 | D:14     | Found a huge runed gate.
 14626 | D:14     | Noticed a tengu reaver
 14626 | D:14     | Noticed a fire giant
 14626 | D:14     | Noticed a storm dragon
 14626 | D:14     | Noticed a fire giant
 14626 | D:14     | Noticed a tengu reaver
 14626 | D:14     | Noticed a storm dragon
 14626 | D:14     | Noticed a deep elf annihilator
 14626 | D:14     | Killed from afar by a fire giant

Illustrated notes

Levels and vault maps discovered:
D:1:      lightli_arrival_quake, layout_rooms, chequers_hall_statues_y,
          minmay_misc_feat_enclosed, minmay_unequal
D:2:      layout_basic, grunt_ministairs_10, nemelex_spade_bored_becter,
          uniq_robin, uniq_crazy_yiuf_cottage
D:3:      layout_rooms, chequers_temple_overflow_minitemple,
          kiku_gazebo_pond_becter, gammafunk_temple_overflow_statue,
          nicolae_qazlal_style_of_elements
D:4:      layout_loops_ring, supply_closet_lemuel, uniq_menkaure
D:5:      minmay_opposing_rooms, layout_basic, marbit_many_paths,
          minmay_temple_entry_sparse_star, serial_shops, nicolae_shop_stone,
          minmay_puff
D:6:      layout_loops_corners, lemuel_round_altar, ebering_ghost_inner_flame
D:7:      layout_basic, grunt_decor_cap
D:8:      layout_cave_pods, basic_altar, uniq_maurice
D:9:      layout_basic, lair_entry_dummy
D:10:     layout_gridville, david_orc_2
D:11:     layout_layer_cave, serial_shops, nicolae_shop_trees, serial_undead,
          serial_undead_b, serial_undead_a, serial_undead_a, serial_undead_e,
          kennysheep_doodads
D:12:     layout_cave_pools
D:13:     layout_loops_ring, david_vaults_5, uniq_erolcha
D:14:     layout_basic, gauntlet_entry_generic, minmay_misc_feat_roman,
          door_vault
Orc:1:    layout_caves, serial_shops, shop
Orc:2:    st_orc_mages, layout_caves, serial_shops, shop, basic_altar,
          nicolae_alphabet_shops

Skill      XL: |  1  2  3  4  5  6  7  8  9 10 11 12 13 |
---------------+----------------------------------------+-----
Axes           | 3 4 5 6 7 8 11 13 14 | 14.5
Dodging        | 1 3 5 8 |  8.6
Evocations     | 3 5 6 7 |  7.0
Armour         | 5 6 7 10 | 10.0
Shields        | 4 5 6 8 10 12 13 | 13.0
Fighting       | 5 7 |  7.0

Action                   |  1- 3 |  4- 6 |  7- 9 | 10-12 | 13-15 || total
-------------------------+-------+-------+-------+-------+-------++-------
Melee: War axe           |   122 |   210 |   474 |   415 |       ||  1221
       Hand axe          |       |       |       |   506 |   219 ||   725
       Broad axe         |       |       |       |   201 |    88 ||   289
 Fire: Hunting sling     |       |     1 |    12 |    49 |       ||    62
Invok: Berserk           |       |       |     6 |    15 |     2 ||    23
       Trog's Hand       |       |       |       |     5 |     1 ||     6
       Brothers in Arms  |       |       |       |     2 |       ||     2
 Abil: Heal Wounds       |     2 |     2 |     6 |    13 |     1 ||    24
Evoke: Wand              |       |     2 |    12 |    29 |     9 ||    52
  Use: Potion            |       |     1 |       |       |       ||     1
       Scroll            |       |     6 |     3 |     1 |     2 ||    12
 Stab: Paralysed         |       |       |     9 |     5 |    12 ||    26
Armor: Scale mail        |    72 |    76 |       |       |       ||   148
       Ring mail         |       |     6 |   129 |   224 |    52 ||   411
Dodge: Dodged            |    44 |    56 |   161 |   457 |   101 ||   819
Block: Kite shield       |    76 |   121 |   212 |   542 |   125 ||  1076
